cohdb
Replays
Latest Replays
All Replays
Popular Replays
Top Player Replays
Match Explorer
How It Works
Community
CoH3 Stats
Reddit
Sign in to upload your games and track your stats! →
Sign in with Steam
Match 44854046
Unlisted
Match 44854046
Overview
Messages
Build Orders
End
Construct Section Command Post
Selects Indian Artillery Battlegroup
Infantry Section
Dingo Light Scout Car
Infantry Section
Construct Platoon Command Post
Selects War Cry
Selects Valour
6-pounder Anti-tank Gun Team
6-pounder Anti-tank Gun Team
Grenade Package
Selects Gurkha Rifles Section
Gurkha Rifles Section
Infantry Training
Team Weapon Training
Gurkha Rifles Section
Selects Volunteer Infantry
Unlock Bishop Self-propelled Artillery
Selects Artillery Saturation
Bishop Self-propelled Artillery
Light Vehicle Training
Selects Off-map Airburst Barrage
DuppyBoi
Deagl1
Lobo
Gatom
FistyMcBeef
Bigvalco
0
0
Comments
sign in to comment!
No comments posted yet!